 Dungeon Crawl Stone Soup version 0.29.1-1-gd02db6906a (webtiles) character file.

Game seed: 3464011112195533120

699 sleeves the Shield-Bearer (level 8, -1/68 HPs)
             Began as a Meteoran Fighter on Sept 23, 2022.
             Was a Follower of Okawaru.
             Slain by a gnoll
             ... wielding a +0 halberd
             ... led by a gnoll sergeant
              (3 damage)
             ... on level 6 of the Dungeon.
             The game lasted 00:14:53 (2440 turns).

sleeves the Shield-Bearer (Meteoran Fighter)        Turns: 2440, Time: 00:14:54

Health: -1/68      AC:  7    Str: 23 (25) XL:     8   Next: 18%
Magic:  10/10      EV: 11    Int:  8      God:    Okawaru [*.....]
Gold:   106        SH:  6    Dex:  9 (12) Spells: 7/7 levels left

rFire   . . .      SeeInvis .   a - +0 flail
rCold   . . .      Faith    .   c - +0 buckler
rNeg    . . .      Spirit   .   b - +0 scale mail
rPois   .          Reflect  .   (no helmet)
rElec   .          Harm     .   (no cloak)
rCorr   .          Rampage  .   t - +0 pair of gloves
Will    +....                   (no boots)
Stlth   +.........              s - amulet of magic regeneration
HPRegen 0.21/turn               m - ring of flight
MPRegen 0.52/turn               (no ring)

@: heroic, flying, glowing
A: sense surroundings 1, otherworldly, glowing, explore regen, deformed body,
deterioration 1, strong 1
a: Renounce Religion, Heroism


You were on level 6 of the Dungeon.
You worshipped Okawaru.
Okawaru was aware of your devotion.
You visited 2 branches of the dungeon, and saw 7 of its levels.

You collected 106 gold pieces.

Inventory:

Hand Weapons
 a - a +0 flail (weapon)
Missiles
 n - 6 poisoned darts (quivered)
 o - 8 boomerangs
Armour
 b - a +0 scale mail (worn)
 c - a +0 buckler (worn)
 t - a +0 pair of gloves (worn)
   (You found it on level 3 of the Dungeon)
Jewellery
 m - a ring of flight (left hand)
   (You found it on level 2 of the Dungeon)
 s - an amulet of magic regeneration (around neck)
   (You found it on level 3 of the Dungeon)
Scrolls
 d - 2 scrolls of amnesia {unknown}
 e - 3 scrolls of butterflies {unknown}
 h - 3 scrolls of fear {unknown}
 i - 2 scrolls of identify {unknown}
 j - a scroll of summoning {unknown}
 k - 4 scrolls of teleportation {unknown}
 l - 2 scrolls of poison {unknown}
 q - a scroll of acquirement {unknown}
 r - a scroll of blinking {unknown}
 u - 2 scrolls of enchant weapon {unknown}
Potions
 f - a potion of attraction {unknown}
 p - a potion of brilliance {unknown}


   Skills:
 + Level 5.1(10.1) Fighting
 + Level 5.4(10.4) Maces & Flails
 + Level 3.3(8.3) Throwing
 + Level 5.6(10.6) Armour
 + Level 5.7(10.7) Shields
 + Level 2.1 Invocations


You had 7 spell levels left.
You didn't know any spells.
Your spell library contained the following spells:

 Spells                   Type           Power      Damage    Failure   Level
 Apportation              Tloc           0%         N/A       73%         1
 Magic Dart               Conj           0%         1d3       73%         1
 Necrotise                Necr           0%         1d4       73%         1
 Searing Ray              Conj           0%         2d4       86%         2
 Inner Flame              Hex/Fire       0%         N/A       97%         3
 Portal Projectile        Hex/Tloc       0%         N/A       97%         3
 Cause Fear               Hex            0%         N/A       100%        4
 Fulminant Prism          Conj/Hex       0%         3d6       100%        4
 Blade Hands              Tmut           0%         N/A       100%        5
 Discord                  Hex            0%         N/A       100%        8
 Summon Small Mammal      Summ           Unusable   N/A       N/A         1
 Tukima's Dance           Hex            Unusable   N/A       N/A         3

Dungeon Overview and Level Annotations

Branches:
Dungeon (6/15) Zot: 1241   Temple (1/1) D:4 Zot: 426

Altars:
Cheibriados
Dithmenos
Elyvilon
Fedhas
Gozag
Hepliaklqana
Kikubaaqudgha
Makhleb
Nemelex Xobeh
Okawaru
Qazlal
Ru
Trog
Uskayaw
Vehumet
Wu Jian
Xom
Yredelemnul
Zin
The Shining One


Innate Abilities, Weirdness & Mutations

You passively map a small area around you.
You are easily found by Zot.
You glow in the dark.
You regain HP and MP as you explore.
Armour fits poorly on your strangely shaped body.
Your body sometimes deteriorates upon taking damage.
Your muscles are strong. (Str +4, Int/Dex -1)


Message History

Okay, then.
A magic dart appears from out of thin air!
The magic dart hits you!
You're too confused to move!
The orc hits you with a +0 war axe.
You are too confused!
You nearly stumble into some lava!
The orc hits you but does no damage.
It was a potion of mutation.
You feel extremely strange.
Your body twists and deforms.
You feel less confused. The orc hits you but does no damage.
Found 14 gold pieces.
The orc attacks as you move away! You block the orc's attack.
A magic dart appears from out of thin air!
The magic dart hits you. Why would you want to do that?
The orc attacks as you move away! The orc closely misses you.
Something tries to affect you, but you resist.
The orc attacks as you move away! The orc closely misses you.
A hobgoblin comes into view.
The hobgoblin shouts!
The orc attacks as you move away! The orc hits you with a +0 war axe.
The hobgoblin hits you.
You sock the hobgoblin!
You kill the hobgoblin!
Okawaru accepts your kill. The orc hits you with a +0 war axe.
You block the orc's attack. The orc attacks as you move away!
The orc completely misses you.
You see here a hobgoblin corpse.
Throw: 10 darts (poison)
Press: ? - help, Q - select action, (/) - cycle Shift-Dir - straight line, f - orc
Aim: an orc, wielding a +0 war axe (59% to hit)
You throw a poisoned dart.
The poisoned dart barely misses the orc.
The poisoned dart hits the orc.
The orc is poisoned.
Something hits you but does no damage. Something hits you.
Throw: 9 darts (poison)
Press: ? - help, Q - select action, (/) - cycle Shift-Dir - straight line, f/p - orc
Aim: an orc, wielding a +0 war axe (59% to hit)
You throw a poisoned dart.
The poisoned dart barely misses the orc.
The poisoned dart barely misses the orc.
Something hits you.
Throw: 8 darts (poison)
Press: ? - help, Q - select action, (/) - cycle Shift-Dir - straight line, f/p - orc
Aim: an orc, wielding a +0 war axe (59% to hit)
You throw a poisoned dart.
The poisoned dart barely misses the orc.
The poisoned dart hits the orc.
The orc is moderately wounded.
You hear some strange, mumbled words.
Something tries to affect you, but you resist.
Throw: 7 darts (poison)
Press: ? - help, Q - select action, (/) - cycle Shift-Dir - straight line, f/p - orc
Aim: an orc, wielding a +0 war axe (59% to hit)
You throw a poisoned dart.
You hear some strange, mumbled words.
You are confused.
You bump into the rock wall.
You hear some strange, mumbled words.
A magic dart appears from out of thin air!
The magic dart hits you.
You hit something but do no damage.
You kill the orc!
Okawaru accepts your kill. Something hits you.
Something hits you but does no damage.
You bump into the rock wall.
Something hits you.
You bump into the rock wall.
An orc wizard appears from thin air!
Reactivating autopickup.
The orc wizard casts a spell at you. You resist with some effort.
You closely miss the orc wizard.
The orc wizard is moderately wounded.
You feel less confused. The orc wizard barely misses you.
You hit the orc wizard.
The orc wizard is moderately wounded.
An orc wizard appears from thin air!
The orc wizard hits you with a +0 dagger.
You barely miss the orc wizard.
The orc wizard is moderately wounded.
The orc wizard hits you but does no damage.
Throw: 6 darts (poison)
Press: ? - help, Q - select action, (/) - cycle Shift-Dir - straight line, f/p - orc
Aim: an orc, wielding a +0 war axe (59% to hit)
You throw a poisoned dart. The poisoned dart hits the orc wizard.
The orc wizard is poisoned.
The orc wizard is moderately wounded.
The orc wizard hits you but does no damage.
Throw: 5 darts (poison)
Press: ? - help, Q - select action, (/) - cycle Shift-Dir - straight line, f/p - orc
Aim: an orc, wielding a +0 war axe (59% to hit)
You throw a poisoned dart. The poisoned dart hits the orc wizard.
The orc wizard looks even sicker.
The orc wizard is moderately wounded.
The orc wizard hits you with a +0 dagger.
Throw: 4 darts (poison)
Press: ? - help, Q - select action, (/) - cycle Shift-Dir - straight line, f/p - orc
Aim: an orc, wielding a +0 war axe (59% to hit)
You throw a poisoned dart. The poisoned dart hits the orc wizard.
The orc wizard looks even sicker.
The orc wizard is moderately wounded.
You block the orc wizard's attack.
You closely miss the orc wizard.
The orc wizard is heavily wounded.
The orc wizard hits you with a +0 dagger.
* * * LOW HITPOINT WARNING * * *
You hit the orc.
The orc is moderately wounded.
You block the orc's attack.
You sock the orc!
You kill the orc!
Okawaru accepts your kill.
The orc wizard mumbles some strange words.
The orc wizard flickers and vanishes!
Deactivating autopickup; reactivate with Ctrl-A.
Throw: 3 darts (poison)
Press: ? - help, Q - select action, (/) - cycle Shift-Dir - straight line, f - orc wizard
Aim: an orc wizard, wielding a +0 dagger and wearing a +0 robe (severely wounded, very poisoned, 51% to hit)
You throw a poisoned dart. The poisoned dart hits the orc wizard.
The orc wizard looks even sicker.
The orc wizard is severely wounded.
The orc wizard hits you with a +0 dagger.
* * * LOW HITPOINT WARNING * * *
You sock the orc wizard!
You kill the orc wizard!
Okawaru accepts your kill.
Throw: 2 darts (poison)
Press: ? - help, Q - select action, (/) - cycle Shift-Dir - straight line, f - orc
Aim: an orc, wielding a +0 mace (59% to hit)
You throw a poisoned dart.
You hear some strange, mumbled words.
Something tries to affect you, but you resist.
Throw: dart (poison)
Press: ? - help, Q - select action, (/) - cycle Shift-Dir - straight line, f/p - orc
Aim: an orc, wielding a +0 mace (59% to hit)
You throw a poisoned dart.
The poisoned dart closely misses the orc.
Something hits you but does no damage.
Throw: 4 boomerangs
Press: ? - help, Q - select action Shift-Dir - straight line, f/p - orc
Aim: an orc, wielding a +0 mace (59% to hit)
You throw a boomerang. The boomerang hits the orc!
You kill the orc!
Okawaru accepts your kill. Something hits you.
* * * LOW HITPOINT WARNING * * *
You block something's attack.
You have reached level 6!
You feel stronger.
Throw: 4 boomerangs
Press: ? - help, Q - select action Shift-Dir - straight line, f - you Really target yourself?
Okay, then.
Throw: 4 boomerangs
Press: ? - help, Q - select action Shift-Dir - straight line You throw a boomerang.
Something hits you.
* * * LOW HITPOINT WARNING * * *
You miss something. Something hits you.
* * * LOW HITPOINT WARNING * * *
Something hits you.
* * * LOW HITPOINT WARNING * * *
You closely miss something. Something hits you.
* * * LOW HITPOINT WARNING * * *
You closely miss something. Something hits you but does no damage.
Something hits you.
* * * LOW HITPOINT WARNING * * *
You miss something. Something hits you.
* * * LOW HITPOINT WARNING * * *
You barely miss something. Something hits you.
* * * LOW HITPOINT WARNING * * *
You miss something. Something hits you.
* * * LOW HITPOINT WARNING * * *
Something hits you but does no damage. Something hits you.
* * * LOW HITPOINT WARNING * * *
You sock something! Something hits you but does no damage. Something hits you.
* * * LOW HITPOINT WARNING * * *
You sock something! Okawaru accepts your kill.
Reactivating autopickup.
You feel a bit more experienced.
Things that are here:
a +0 dagger; a +0 robe Why would you want to do that?
Why would you want to do that?
n - 4 poisoned darts
Items here: )) [ †.
Things that are here:
a +0 mace; an orc corpse
n - 5 poisoned darts (gained 1)
You see here a hobgoblin corpse.
You see here a +0 short sword.
n - 6 poisoned darts (gained 1)
n - 8 poisoned darts (gained 2)
There is a shimmering altar of Xom here.
o - 8 boomerangs (gained 4)
You now have 31 gold pieces (gained 14).
You see here a +0 short sword.
You see here a hobgoblin corpse.
Things that are here:
a +0 mace; an orc corpse
Items here: )) [ †.
There is a stone staircase leading up here.
A hobgoblin comes into view.
The hobgoblin shouts!
Found a scroll labelled SEGYUPPAERR.
You completely miss the hobgoblin. You block the hobgoblin's attack.
You barely miss the hobgoblin. The hobgoblin hits you.
You thump the hobgoblin!
You kill the hobgoblin!
Okawaru accepts your kill.
r - a scroll labelled SEGYUPPAERR
There is an open door here.
Found a glowing golden altar of the Shining One.
There is an open door here.
There is an open door here.
There is an open door here.
There is an open door here.
There is an open door here.
An orc comes into view. It is wielding a +0 dagger.
The orc shouts!
The orc hits you with a +0 dagger.
You hit the orc.
The orc is moderately wounded.
You block the orc's attack. The orc closely misses you.
You closely miss the orc.
The orc is moderately wounded.
The orc closely misses you.
You barely miss the orc.
The orc is moderately wounded.
You block the orc's attack.
You hit the orc.
You kill the orc!
Okawaru accepts your kill.
Things that are here:
a +0 dagger; an orc corpse An orc comes into view.
It is wielding a +0 flail.
The orc shouts!
A necrophage comes into view.
The orc closely misses you.
You sock the orc!
You kill the orc!
Okawaru accepts your kill. The necrophage hits you.
You feel drained.
You hit the necrophage.
The necrophage is lightly damaged.
The necrophage hits you but does no damage.
You sock the necrophage!
The necrophage is moderately damaged.
The necrophage hits you.
You thump the necrophage!
The necrophage is almost destroyed.
The necrophage hits you.
You feel drained.
You hit the necrophage but do no damage.
The necrophage is almost destroyed.
The necrophage barely misses you. The necrophage hits you.
You hit the necrophage.
The necrophage is almost destroyed.
The necrophage hits you.
You feel drained.
You sock the necrophage!
You destroy the necrophage!
Okawaru accepts your kill.
Your life force feels restored.
Your Throwing skill increases to level 2!
Found a book of Hexes.
Things that are here:
a +0 flail; an orc corpse You pick up a book of Hexes and begin reading...
You add the spells Inner Flame, Cause Fear and Discord to your library.
Okay, then.
Found a knobbly glowing staff.
Found 19 gold pieces.
Found a stone staircase leading down.
You now have 50 gold pieces (gained 19).
Found a book of Weapons.
You pick up a book of Weapons and begin reading...
You add the spells Portal Projectile and Blade Hands to your library. 2 rats come into view.
A quokka and 9 rats come into view.
You hit the rat.
You kill the rat!
Okawaru accepts your kill.
You barely miss the rat. The rat barely misses you.
You sock the rat!
You kill the rat!
Okawaru accepts your kill.
The rat twitches its whiskers.
You block the rat's attack.
You closely miss the rat. You barely miss the rat. The rat bites you.
The rat barely misses you.
You closely miss the rat. The rat bites you but does no damage.
The rat bites you.
You hit the rat.
You kill the rat!
Okawaru accepts your kill. The rat bites you but does no damage.
You sock the rat!
You kill the rat!
The rat twitches its whiskers.
The rat bites you but does no damage.
You closely miss the rat. The rat barely misses you.
You block the rat's attack. x2; The rat bites you but does no damage.
You closely miss the rat. The rat bites you. You block the rat's attack.
You hit the rat.
You kill the rat!
Okawaru accepts your kill. The rat bites you but does no damage.
You barely miss the rat. The rat bites you.
The rat bites you but does no damage.
You hit the rat but do no damage. The rat barely misses you. The rat bites you.
You sock the rat!
You kill the rat!
Okawaru accepts your kill. The rat closely misses you.
The rat barely misses you. The rat bites you.
You sock the rat!
You kill the rat!
Okawaru accepts your kill. The rat closely misses you.
Your Shields skill increases to level 5!
You closely miss the rat. The rat bites you. The rat barely misses you.
You hit the rat.
You kill the rat!
Okawaru accepts your kill.
The rat twitches its whiskers.
The rat bites you but does no damage.
You hit the quokka.
The quokka is lightly wounded.
The quokka bites you. The rat barely misses you. The quokka barely misses you.
The rat bites you but does no damage.
You hit the quokka.
The quokka is almost dead.
You block the quokka's attack. The rat closely misses you.
You sock the quokka!
You kill the quokka!
Okawaru accepts your kill. The rat closely misses you.
You hit the rat.
You kill the rat!
Okawaru accepts your kill. The rat bites you.
You closely miss the rat.
The rat bites you but does no damage. x2
You hit the rat but do no damage. The rat bites you.
The rat closely misses you. The rat bites you but does no damage.
You block the rat's attack.
You barely miss the rat. You block the rat's attack.
The rat bites you but does no damage.
You closely miss the rat. The rat barely misses you. The rat bites you.
You hit the rat.
You kill the rat!
The rat closely misses you.
You barely miss the rat. The rat bites you.
You sock the rat!
You kill the rat!
Okawaru accepts your kill.
No target in view!
No target in view!
No target in view!
No target in view!
No target in view!
No target in view!
No target in view!
No target in view!
Items here: †††††.
You see here a rat corpse. 6 rats come into view.
You sock the rat!
You kill the rat!
Okawaru accepts your kill.
You hit the rat.
You kill the rat!
Okawaru accepts your kill.
You sock the rat!
You kill the rat!
Okawaru accepts your kill.
You closely miss the rat.
The rat bites you. x2; The rat barely misses you.
You closely miss the rat. The rat bites you but does no damage.
The rat bites you.
You hit the rat.
You kill the rat!
Okawaru accepts your kill. The rat barely misses you.
You closely miss the rat. The rat closely misses you. The rat bites you.
You are too injured to fight recklessly!
You are too injured to fight recklessly!
You are too injured to fight recklessly!
You are too injured to fight recklessly!
You are too injured to fight recklessly!
You are too injured to fight recklessly!
You are too injured to fight recklessly!
You are too injured to fight recklessly!
You are too injured to fight recklessly!
You are too injured to fight recklessly!
You sock the rat!
You kill the rat!
Okawaru accepts your kill. The rat barely misses you. The rat misses you.
A rat comes into view.
The rat completely misses you.
You see here a rat corpse.
The rat bites you.
You sock the rat!
You kill the rat!
Okawaru accepts your kill. The rat bites you but does no damage.
The rat twitches its whiskers.
You block the rat's attack.
You see here a rat corpse.
The rat bites you.
You see here a rat corpse.
You barely miss the rat. You block the rat's attack.
You sock the rat!
You kill the rat!
Okawaru accepts your kill.
Found 6 stones.
You see here a rat corpse.
You see here a rat corpse.
You see here a rat corpse.
Items here: †††††.
An endoplasm comes into view.
The endoplasm quivers.
You thump the endoplasm!
You kill the endoplasm!
Okawaru accepts your kill.
There is a stone staircase leading up here.
There is a stone staircase leading up here.
There is a stone staircase leading up here.
You climb upwards.
There is a stone staircase leading down, spattered with blood here.
Items here: ( )))))))) [[[[[ ÷÷÷÷÷÷÷÷.
Things that are here:
a +0 dagger; a goblin skeleton
s - an amulet of magic regeneration
Okay, then.
You start putting on your amulet.
You continue putting on your amulet of magic regeneration. x5
You finish putting on your amulet of magic regeneration.
s - an amulet of magic regeneration (around neck)
You fly up into the air.
m - a ring of flight (left hand)
You now have 61 gold pieces (gained 11).
A ball python comes into view.
The ball python hisses angrily.
Found 10 gold pieces.
The ball python bites you. The ball python grabs you.
The ball python constricts you.
You barely miss the ball python. You block the ball python's attack.
The ball python constricts you.
You hit the ball python but do no damage.
The ball python bites you but does no damage.
The ball python constricts you.
The ball python bites you but does no damage.
The ball python constricts you.
You closely miss the ball python.
The ball python bites you but does no damage.
The ball python constricts you.
You hit the ball python but do no damage.
The ball python bites you but does no damage.
The ball python constricts you.
The ball python bites you but does no damage.
The ball python constricts you.
You hit the ball python.
You kill the ball python!
Okawaru accepts your kill.
You see here a ball python corpse.
You now have 71 gold pieces (gained 10).
Found a pair of gloves.
t - a +0 pair of gloves You start putting on your armour.
You continue putting on your +0 pair of gloves. x4
You finish putting on your +0 pair of gloves.
Unknown command.
Unknown command.
An endoplasm comes into view.
The endoplasm moves out of view.
(D) Dungeon (T) Temple
Where to? (Enter - D:3 @ (x,y), ? - help)
An endoplasm is nearby!
The endoplasm hits you but does no damage.
You hit the endoplasm.
The endoplasm is lightly wounded.
You block the endoplasm's attack.
You hit the endoplasm but do no damage.
The endoplasm is lightly wounded.
You block the endoplasm's attack.
You hit the endoplasm.
You kill the endoplasm!
Okawaru accepts your kill.
No target in view!
No target in view!
You see here a ball python corpse.
There is a stone staircase leading down here.
You fly downwards.
There is a stone staircase leading up here.
There is a stone staircase leading down here.
You fly downwards.
There is a stone staircase leading up here.
Found an escape hatch in the floor.
Found a whip.
k - 4 scrolls labelled KOCIMO UTYFEK (gained 1)
Found a quarterstaff.
Found a scroll labelled HEMOED XISOFY.
i - 2 scrolls labelled HEMOED XISOFY (gained 1)
An iguana comes into view.
The iguana hisses angrily.
You barely miss the iguana. The iguana bites you!
You sock the iguana!
The iguana is heavily wounded.
The iguana bites you!
You are too injured to fight recklessly!
You are too injured to fight recklessly!
You are too injured to fight recklessly!
You thump the iguana!
The iguana is almost dead.
The iguana bites you. The iguana bites you!
* * * LOW HITPOINT WARNING * * *
You hit the iguana.
You kill the iguana!
Okawaru accepts your kill.
Your Armour skill increases to level 5!
A black bear comes into view.
The black bear growls angrily.
Okay, then.
Throw: 8 darts (poison)
Press: ? - help, Q - select action, (/) - cycle Shift-Dir - straight line, f - black bear
Aim: a black bear (68% to hit)
You throw a poisoned dart. The poisoned dart hits the black bear.
The black bear is poisoned.
The black bear completely misses you. You block the black bear's attack.
The black bear barely misses you.
Throw: 7 darts (poison)
Press: ? - help, Q - select action, (/) - cycle Shift-Dir - straight line, f/p - black bear
Aim: a black bear (lightly wounded, poisoned, 68% to hit)
You throw a poisoned dart.
The poisoned dart completely misses the black bear.
The black bear bites you. You block the black bear's attack.
The black bear barely misses you.
Throw: 6 darts (poison)
Press: ? - help, Q - select action, (/) - cycle Shift-Dir - straight line, f/p - black bear
Aim: a black bear (lightly wounded, poisoned, 68% to hit)
You throw a poisoned dart. The poisoned dart hits the black bear.
The black bear looks even sicker.
The black bear is lightly wounded.
The black bear closely misses you. You block the black bear's attack.
The black bear claws you.
Throw: 5 darts (poison)
Press: ? - help, Q - select action, (/) - cycle Shift-Dir - straight line, f/p - black bear
Aim: a black bear (lightly wounded, very poisoned, 68% to hit)
You throw a poisoned dart. The poisoned dart hits the black bear.
The black bear looks even sicker.
The black bear is lightly wounded.
The black bear bites you. The black bear claws you.
You block the black bear's attack.
You hit the black bear.
The black bear is lightly wounded.
The black bear bites you but does no damage.
The black bear claws you.
The black bear claws you but does no damage.
You hit the black bear.
The black bear is moderately wounded.
The black bear bites you.
The black bear claws you but does no damage.
The black bear closely misses you.
You thump the black bear!
The black bear is severely wounded.
The black bear bites you but does no damage.
You block the black bear's attack. x2
Throw: 4 darts (poison)
Press: ? - help, Q - select action, (/) - cycle Shift-Dir - straight line, f/p - black bear
Aim: a black bear (almost dead, very poisoned, 68% to hit)
You throw a poisoned dart. The poisoned dart hits the black bear.
The black bear looks as sick as possible!
The black bear is almost dead.
The black bear bites you. The black bear claws you.
The black bear claws you but does no damage.
You thump the black bear!
You kill the black bear!
Okawaru is honoured by your kill.
You can now gain great but temporary skills.
You have reached level 7!
n - 6 poisoned darts (gained 3)
You see here a black bear corpse.
n - 7 poisoned darts (gained 1)
An iguana comes into view.
The iguana hisses angrily.
You hit the iguana but do no damage. You block the iguana's attack.
The iguana barely misses you.
You barely miss the iguana. The iguana bites you!
You hit the iguana.
The iguana is moderately wounded.
The iguana bites you.
You sock the iguana!
You kill the iguana!
Okawaru accepts your kill.
Found a scroll labelled MUSHRU ZEACKEIS.
u - a scroll labelled MUSHRU ZEACKEIS Really quaff the potion of mutation?
You feel extremely strange.
Your body's shape seems more normal.
You feel yourself wasting away.
You feel stronger.
Your body twists and deforms.
A shadow imp comes into view.
Found a sling.
The shadow imp shouts!
The shadow imp disappears for a moment.
The shadow imp shouts, "Crawl home, thou clouted dismal-dreaming cross-patch!"
The shadow imp gestures at you. You resist with significant effort.
A gnoll comes into view. It is wielding a +0 flail.
You barely miss the shadow imp.
The gnoll shouts!
The shadow imp hits you.
You completely miss the shadow imp.
The shadow imp laughs crazily.
The shadow imp gestures at you. Pain shoots through your body!
The shadow imp barely misses you.
You closely miss the shadow imp. The shadow imp barely misses you.
You closely miss the shadow imp. The shadow imp hits you.
You hit the shadow imp.
The shadow imp is heavily wounded.
The shadow imp hits you.
You hit the shadow imp.
The shadow imp is almost dead.
The shadow imp hits you. The gnoll barely misses you.
You closely miss the shadow imp.
The shadow imp is almost dead.
A gnoll comes into view. It is wielding a +0 spear.
The shadow imp hits you. You block the gnoll's attack.
You barely miss the shadow imp.
The shadow imp is almost dead.
The gnoll shouts!
The shadow imp shouts, "Escape, thou bumbling miscreant slabber!"
The shadow imp barely misses you. The gnoll hits you with a +0 flail.
A gnoll comes into view. It is wielding a +0 flail.
You block the shadow imp's attack. The gnoll barely misses you.
The gnoll shouts!
You sock the shadow imp!
You kill the shadow imp!
Okawaru accepts your kill. The gnoll completely misses you.
The gnoll attacks as you move away! The gnoll hits you with a +0 flail.
Found a stone staircase leading down.
The gnoll attacks as you move away! The gnoll hits you with a +0 flail!
Your body deteriorates!
You feel clumsy. The gnoll attacks as you move away!
The gnoll closely misses you.
You gain the combat prowess of a mighty hero.
The gnoll closely misses you.
You thump the gnoll!
The gnoll is heavily wounded.
The gnoll hits you with a +0 spear. The gnoll hits you but does no damage.
You barely miss the gnoll. The gnoll misses you. You block the gnoll's attack.
You sock the gnoll!
You kill the gnoll!
Okawaru accepts your kill. The gnoll hits you with a +0 flail.
The gnoll hits you with a +0 spear.
* * * LOW HITPOINT WARNING * * *
Your base Maces & Flails skill increases to level 5!
You sock the gnoll!
The gnoll is severely wounded.
The gnoll closely misses you. The gnoll hits you with a +0 spear.
* * * LOW HITPOINT WARNING * * *
You hit the gnoll but do no damage.
The gnoll is severely wounded.
You closely miss the gnoll.
The gnoll is severely wounded.
You block the gnoll's attack. The gnoll hits you with a +0 spear.
* * * LOW HITPOINT WARNING * * *
You barely miss the gnoll.
The gnoll is severely wounded.
The gnoll hits you with a +0 flail!
* * * LOW HITPOINT WARNING * * *
Your body deteriorates!
You feel dopey. The gnoll misses you.
You sock the gnoll!
You kill the gnoll!
Okawaru accepts your kill. The gnoll hits you with a +0 flail.
* * * LOW HITPOINT WARNING * * *
You sock the gnoll!
You kill the gnoll!
Okawaru accepts your kill.
You feel like a meek peon again.
There is a stone staircase leading down here.
A shadow imp comes into view.
Found 13 gold pieces.
You block the shadow imp's attack.
You closely miss the shadow imp.
The shadow imp hits you but does no damage.
You hit the shadow imp but do no damage.
The shadow imp hits you but does no damage.
You hit the shadow imp but do no damage.
The shadow imp hits you. x2
You barely miss the shadow imp. You block the shadow imp's attack.
You sock the shadow imp!
You kill the shadow imp!
Okawaru accepts your kill.
You now have 84 gold pieces (gained 13).
Found two stone staircases leading down.
There is a stone staircase leading down here.
You fly downwards.
There is a stone staircase leading up here.
Unknown command.
There is a stone staircase leading up here.
You fly upwards.
There is a stone staircase leading down here.
There is a stone staircase leading down here.
You fly downwards.
There is a stone staircase leading up here.
You fly upwards.
There is a stone staircase leading down here.
An orc comes into view. It is wielding a +0 short sword.
The orc shouts!
An orc wizard comes into view. It is wielding a +0 dagger.
The orc wizard shouts!
The orc hits you but does no damage.
You thump the orc!
You kill the orc!
Okawaru accepts your kill.
The orc wizard gestures at you while chanting.
The magic dart hits you.
An orc comes into view. It is wielding a +0 whip.
The orc shouts!
You hear an angry hiss.
The orc wizard points at you and mumbles some strange words.
The puff of flame hits you!
Your body deteriorates!
You feel weakened.
Things that are here:
a +0 short sword; a +0 leather armour; an orc corpse An iguana comes into view.
Throw: 7 darts (poison)
Press: ? - help, Q - select action, (/) - cycle Shift-Dir - straight line, f - orc wizard
Aim: an orc wizard, wielding a +0 dagger and wearing a +0 robe (51% to hit)
You throw a poisoned dart. The poisoned dart hits the orc wizard.
The orc wizard is poisoned.
The orc wizard casts a spell at you. The magic dart hits you.
You hit the orc wizard.
The orc wizard is heavily wounded.
The orc wizard closely misses you.
The iguana hisses menacingly.
You hit the orc wizard but do no damage.
The orc wizard is heavily wounded.
The orc wizard gestures at you while chanting.
The magic dart hits you!
Your body deteriorates!
You feel clumsy.
You sock the orc wizard!
You kill the orc wizard!
Okawaru accepts your kill.
Your Invocations skill increases to level 1!
You hit the orc.
The orc is heavily wounded.
You block the orc's attack.
An adder comes into view.
The adder hisses angrily.
You hit the orc but do no damage.
The orc is heavily wounded.
The orc hits you but does no damage. The orc hits you with a +0 whip.
You hit the orc but do no damage.
The orc is heavily wounded.
The orc hits you but does no damage. The orc attacks as you move away!
The orc closely misses you.
You sock the orc!
You kill the orc!
Okawaru accepts your kill.
You sock the adder!
You kill the adder!
Okawaru accepts your kill.
Throw: 6 darts (poison)
Press: ? - help, Q - select action, (/) - cycle Shift-Dir - straight line, f - iguana
Aim: an iguana (63% to hit)
You throw a poisoned dart. The poisoned dart hits the iguana.
The iguana is poisoned.
You hit the iguana.
The iguana is lightly wounded.
You block the iguana's attack.
You hit the iguana.
The iguana is moderately wounded.
You block the iguana's attack. The iguana bites you!
* * * LOW HITPOINT WARNING * * *
Your body deteriorates!
You feel weakened.
Throw: 5 darts (poison)
Press: ? - help, Q - select action, (/) - cycle Shift-Dir - straight line, f/p - iguana
Aim: an iguana (moderately wounded, poisoned, 63% to hit)
You throw a poisoned dart. The poisoned dart hits the iguana!
The iguana looks even sicker.
The iguana is moderately wounded.
You barely miss the iguana.
The iguana is heavily wounded.
The iguana bites you.
* * * LOW HITPOINT WARNING * * *
The iguana bites you.
* * * LOW HITPOINT WARNING * * *
You sock the iguana!
The iguana is almost dead.
You kill the iguana!
Okawaru accepts your kill.
You feel your intelligence returning.
Your Throwing skill increases to level 3!
n - 5 poisoned darts (gained 1)
Things that are here:
a +0 whip; a +0 ring mail; an iguana corpse
n - 6 poisoned darts (gained 1)
Things that are here:
a +0 dagger; a +0 robe; an orc corpse
Found a scroll labelled MUSHRU ZEACKEIS.
u - 2 scrolls labelled MUSHRU ZEACKEIS (gained 1)
An iguana comes into view.
The iguana hisses angrily.
Throw: 6 darts (poison)
Press: ? - help, Q - select action, (/) - cycle Shift-Dir - straight line, f - iguana
Aim: an iguana (63% to hit)
You throw a poisoned dart. The poisoned dart hits the iguana!
The iguana is poisoned.
Throw: 5 darts (poison)
Press: ? - help, Q - select action, (/) - cycle Shift-Dir - straight line, f/p - iguana
Aim: an iguana (very poisoned, 63% to hit)
You throw a poisoned dart. The poisoned dart hits the iguana.
The iguana looks even sicker.
Throw: 4 darts (poison)
Press: ? - help, Q - select action, (/) - cycle Shift-Dir - straight line, f/p - iguana
Aim: an iguana (very poisoned, 63% to hit)
You throw a poisoned dart. The poisoned dart hits the iguana.
Throw: 3 darts (poison)
Press: ? - help, Q - select action, (/) - cycle Shift-Dir - straight line, f/p - iguana
Aim: an iguana (lightly wounded, very poisoned, 63% to hit)
You throw a poisoned dart. The poisoned dart hits the iguana.
The iguana looks as sick as possible!
The iguana is lightly wounded.
You hit the iguana but do no damage.
The iguana is heavily wounded.
The iguana barely misses you.
You barely miss the iguana.
The iguana is heavily wounded.
The iguana bites you.
* * * LOW HITPOINT WARNING * * *
You hit the iguana but do no damage.
The iguana is heavily wounded.
The iguana bites you.
* * * LOW HITPOINT WARNING * * *
You closely miss the iguana.
The iguana is severely wounded.
The iguana completely misses you. You block the iguana's attack.
You hit the iguana but do no damage.
The iguana is almost dead.
You kill the iguana!
Okawaru accepts your kill.
You see here an iguana corpse.
n - 3 poisoned darts (gained 1)
n - 5 poisoned darts (gained 2)
n - 6 poisoned darts (gained 1)
Found 4 gold pieces.
You now have 88 gold pieces (gained 4).
A phantom comes into view.
Found a stone staircase leading up.
Found a chain mail.
Found a stone staircase leading up.
You thump the phantom!
The phantom is heavily damaged.
The phantom hits you.
The phantom blinks!
You blink.
You miss the phantom.
The phantom is heavily damaged.
The phantom hits you.
The phantom blinks!
You blink.
You closely miss the phantom.
The phantom is heavily damaged.
The phantom hits you but does no damage.
You barely miss the phantom.
The phantom is heavily damaged.
You block the phantom's attack.
You barely miss the phantom.
The phantom is heavily damaged.
You block the phantom's attack.
The phantom hits you but does no damage.
You miss the phantom.
The phantom is heavily damaged.
The phantom hits you.
The phantom blinks!
You blink.
You closely miss the phantom.
The phantom is heavily damaged.
The phantom hits you.
The phantom blinks!
You blink.
You closely miss the phantom.
The phantom is heavily damaged.
The phantom closely misses you.
You hit the phantom.
The phantom is heavily damaged.
The phantom hits you but does no damage.
You closely miss the phantom.
The phantom is heavily damaged.
The phantom hits you but does no damage.
You closely miss the phantom.
The phantom is heavily damaged.
The phantom hits you.
The phantom blinks!
You blink.
The phantom hits you but does no damage.
You closely miss the phantom.
The phantom is heavily damaged.
The phantom hits you but does no damage.
You closely miss the phantom.
The phantom is heavily damaged.
The phantom barely misses you.
You sock the phantom!
The phantom is almost destroyed.
The phantom misses you.
You hit the phantom.
You destroy the phantom!
Okawaru accepts your kill.
You feel your dexterity returning.
Your Fighting skill increases to level 5!
You have reached level 8!
Found 3 stones.
There is an escape hatch in the floor here.
You fly downwards.
The hatch slams shut behind you.
Found a stone staircase leading down.
A scorpion comes into view.
Throw: 6 darts (poison)
Press: ? - help, Q - select action, (/) - cycle Shift-Dir - straight line, f - scorpion
Aim: a scorpion (59% to hit)
You throw a poisoned dart. The poisoned dart hits the scorpion.
The scorpion is poisoned.
Throw: 5 darts (poison)
Press: ? - help, Q - select action, (/) - cycle Shift-Dir - straight line, f/p - scorpion
Aim: a scorpion (lightly wounded, poisoned, 59% to hit)
You throw a poisoned dart.
The poisoned dart barely misses the scorpion.
Throw: 4 darts (poison)
Press: ? - help, Q - select action, (/) - cycle Shift-Dir - straight line, f/p - scorpion
Aim: a scorpion (lightly wounded, poisoned, 59% to hit)
You throw a poisoned dart. The poisoned dart hits the scorpion.
The scorpion looks even sicker.
The scorpion is lightly wounded.
You kill the scorpion!
Okawaru accepts your kill.
Your Invocations skill increases to level 2!
n - 4 poisoned darts (gained 1)
n - 5 poisoned darts (gained 1)
n - 6 poisoned darts (gained 1)
Found a chain mail.
Found 18 gold pieces.
Found 13 gold pieces.
You now have 106 gold pieces (gained 18).
A gnoll sergeant and 4 gnolls come into view.
The gnoll sergeant is wielding a +5 vampiric spear.
The gnoll sergeant shouts!
The gnoll shouts! x3
The gnoll attacks as you move away! The gnoll closely misses you.
You hit the gnoll.
The gnoll is moderately wounded.
The gnoll hits you with a +0 club.
The gnoll hits you from afar with a +0 halberd.
You hit the gnoll.
The gnoll is heavily wounded.
The gnoll hits you but does no damage.
The gnoll hits you from afar with a +0 halberd.
You sock the gnoll!
You kill the gnoll!
Okawaru accepts your kill.
You gain the combat prowess of a mighty hero.
The gnoll sergeant hits you but does no damage.
You block the gnoll's attack.
Things that are here:
a +0 club; a gnoll corpse The gnoll sergeant blocks your attack.
The gnoll sergeant closely misses you.
The gnoll hits you from afar with a +0 halberd!
Your body deteriorates!
You feel clumsy. The gnoll sergeant blocks your attack.
The gnoll sergeant hits you with a +5 vampiric spear.
You block the gnoll's attack.
You are too injured to fight recklessly!
You are too injured to fight recklessly!
You hit the gnoll sergeant.
The gnoll sergeant is lightly wounded.
You block the gnoll sergeant's attack. The gnoll barely misses you.
You hit the gnoll sergeant.
The gnoll sergeant is moderately wounded.
The gnoll sergeant closely misses you. You block the gnoll's attack.
You thump the gnoll sergeant!
The gnoll sergeant is severely wounded.
The gnoll sergeant hits you with a +5 vampiric spear!
* * * LOW HITPOINT WARNING * * *
The gnoll hits you from afar with a +0 halberd.
* * * LOW HITPOINT WARNING * * *
You hit the gnoll sergeant but do no damage.
The gnoll sergeant is severely wounded.
The gnoll sergeant hits you with a +5 vampiric spear!
* * * LOW HITPOINT WARNING * * *
Your body deteriorates!
You feel clumsy.
The gnoll sergeant draws strength from your wounds!
The gnoll hits you from afar with a +0 halberd!
* * * LOW HITPOINT WARNING * * *
You sock the gnoll sergeant!
The gnoll sergeant is severely wounded.
The gnoll sergeant hits you with a +5 vampiric spear.
* * * LOW HITPOINT WARNING * * *
The gnoll hits you but does no damage.
Okay, then.
You aren't carrying any items that you can evoke.
Okay, then.
You barely miss the gnoll sergeant.
The gnoll sergeant is severely wounded.
You hit the gnoll sergeant but do no damage.
The gnoll sergeant is severely wounded.
The gnoll sergeant hits you but does no damage.
The gnoll hits you from afar with a +0 halberd.
You die...

#......# #....[#........
#......####.###.#........
#........................
#........................
#####........................
.....$.g.....................
#.g....#.....................
#g.gg..#.######..............
#.g....#.ggg@................
#......#.g#####........#...##
#......#..# #........#...##
########..# #........#...# *
#..# * #........##+## ....
......#####* * ###.# ##.#.##
* #.# * * * , *


You could see a gnoll sergeant and 3 gnolls.

Vanquished Creatures
  A black bear (D:5)
  A phantom (D:5)
  A scorpion (D:6)
  A necrophage (D:4)
  4 iguanas (D:5)
  4 orc wizards
  4 gnolls
  5 adders
  2 shadow imps (D:5)
  2 worms (D:2)
  A dart slug (D:4)
  13 orcs
  7 bats
  7 endoplasms
  A giant cockroach (D:3)
  A goblin (D:3)
  7 hobgoblins
  4 jackals (D:1)
  2 quokkas
  5 ball pythons
  2 frilled lizards
  6 kobolds
  23 rats
104 creatures vanquished.

Notes
Turn   | Place    | Note
-------+----------+-------------------------------------------
     0 | D:1      | sleeves the Meteoran Fighter began the quest for the Orb.
     0 | D:1      | Reached XP level 1. HP: 19/19 MP: 2/2
    45 | D:1      | Reached XP level 2. HP: 26/26 MP: 3/3
    80 | D:1      | Reached skill level 3 in Maces & Flails
   318 | D:1      | HP: 13/26 [jackal (1)]
   328 | D:1      | Reached XP level 3. HP: 16/31 MP: 4/4
   328 | D:1      | HP: 15/31 [jackal (1)]
   333 | D:1      | Reached skill level 4 in Shields
   356 | D:1      | Found a faded altar of an unknown god.
   360 | D:1      | Reached skill level 4 in Armour
   470 | D:1      | Glimpsed the power of Zot.
   629 | D:2      | HP: 16/33 [constriction (1)]
   630 | D:2      | Reached XP level 4. HP: 19/40 MP: 5/5
   634 | D:2      | HP: 18/40 [constriction (1)]
   726 | D:2      | HP: 18/40 [rat (3)]
   943 | D:4      | Found a hide-covered altar of Uskayaw.
  1005 | D:3      | Reached XP level 5. HP: 46/46 MP: 6/6
  1017 | D:3      | HP: 23/46 [something/puff of flame (8)]
  1022 | D:3      | HP: 11/46 [kobold/stone (2)]
  1025 | D:3      | Reached skill level 4 in Fighting
  1026 | D:3      | HP: 5/46 [orc/+0 mace (3)]
  1086 | D:3      | Reached skill level 4 in Maces & Flails
  1086 | D:3      | Reached skill level 1 in Throwing
  1117 | D:4      | Found a staircase to the Ecumenical Temple.
  1124 | Temple   | Entered the Ecumenical Temple
  1224 | Temple   | Became a worshipper of Warmaster Okawaru
  1326 | D:5      | Entered Level 5 of the Dungeon
  1385 | D:4      | Found a blossoming altar of Fedhas.
  1398 | D:4      | Found a shimmering altar of Xom.
  1405 | D:4      | Gained mutation: Armour fits poorly on your strangely
                  | shaped body. [potion of mutation]
  1437 | D:4      | HP: 23/46 [orc wizard/+0 dagger (1)]
  1444 | D:4      | HP: 18/46 [something (3)]
  1445 | D:4      | Reached XP level 6. HP: 21/52 MP: 7/7
  1449 | D:4      | HP: 22/52 [something (1)]
  1457 | D:4      | HP: 16/52 [something (3)]
  1565 | D:4      | Found a glowing golden altar of the Shining One.
  1598 | D:4      | Reached skill level 2 in Throwing
  1659 | D:4      | Reached skill level 5 in Shields
  1965 | D:5      | HP: 22/53 [iguana (7)]
  1967 | D:5      | Reached skill level 5 in Armour
  1985 | D:5      | Noticed a black bear
  1996 | D:5      | Killed a black bear
  1996 | D:5      | Reached * piety under Okawaru
  1997 | D:5      | Reached XP level 7. HP: 32/60 MP: 8/8
  2081 | D:5      | Lost mutation: Armour fits poorly on your strangely shaped
                  | body. [potion of mutation]
  2081 | D:5      | Gained mutation: Your body sometimes deteriorates upon
                  | taking damage. [potion of mutation]
  2081 | D:5      | Gained mutation: Your muscles are strong. (Str +4, Int/Dex
                  | -1) [potion of mutation]
  2081 | D:5      | Gained mutation: Armour fits poorly on your strangely
                  | shaped body. [potion of mutation]
  2125 | D:5      | HP: 30/60 [gnoll/+0 spear (1)]
  2126 | D:5      | Reached skill level 5 in Maces & Flails
  2130 | D:5      | HP: 16/60 [gnoll/+0 flail (3)]
  2205 | D:5      | Reached skill level 1 in Invocations
  2215 | D:5      | HP: 29/60 [iguana (10)]
  2219 | D:5      | Reached skill level 3 in Throwing
  2240 | D:5      | HP: 25/60 [iguana (5)]
  2297 | D:5      | Reached skill level 5 in Fighting
  2297 | D:5      | Reached XP level 8. HP: 52/68 MP: 10/10
  2375 | D:6      | Reached skill level 2 in Invocations
  2436 | D:6      | HP: 27/68 [gnoll sergeant/+5 vampiric spear (14)]
  2437 | D:6      | HP: 7/68 [gnoll/+0 halberd[a gnoll sergeant] (8)]
  2438 | D:6      | HP: 1/68 [gnoll sergeant/+5 vampiric spear (6)]
  2440 | D:6      | Slain by a gnoll

Illustrated notes

Levels and vault maps discovered:
D:1:      scummos_arrival_star, layout_basic,
          ebering_ecumenical_altar_petrified, roderic_roman_lattice,
          minmay_statues_item, minmay_tiny_reverse_x
D:2:      layout_basic, minmay_misc_feat_secret_circle
D:3:      layout_rooms
D:4:      layout_loops_ring, mainiacjoe_overflow_24_doors,
          mainiacjoe_overflow_large_starburst, mainiacjoe_overflow_brackets,
          minmay_temple_entry_arrows, minmay_rat_hole
D:5:      layout_layer_cave
D:6:      layout_basic, grunt_decor_clamped, minmay_crossroads, uniq_maggie,
          uniq_eustachio
Temple:   minmay_temple_bridge_d

Skill      XL: |  1  2  3  4  5  6  7  8 |
---------------+-------------------------+-----
Maces & Flails | 3 4 5 |  5.4
Shields        | 4 5 |  5.7
Armour         | 4 5 |  5.6
Fighting       | 4 5 |  5.1
Throwing       | 1 2 3 |  3.3
Invocations    | 1 2 |  2.1

Action                   |  1- 3 |  4- 6 |  7- 9 || total
-------------------------+-------+-------+-------++-------
Melee: Flail             |   128 |   191 |    72 ||   391
Throw: Dart              |     1 |    15 |    10 ||    26
       Boomerang         |       |     2 |       ||     2
Invok: Heroism           |       |       |     2 ||     2
  Use: Potion            |       |     2 |     1 ||     3
Armor: Scale mail        |   156 |    99 |    16 ||   271
Dodge: Dodged            |   100 |    66 |    23 ||   189
Block: Buckler           |    53 |    43 |    17 ||   113
